 Dungeon Crawl Stone Soup version 0.30-a0-174-gbc10bd73c2 (webtiles) character file.

Game seed: 6815142523992815600

1160 qw the Chopper (level 8, -1/49 HPs)
             Began as a Gargoyle Fighter on Oct 1, 2022.
             Slain by an ogre
             ... wielding a +0 giant club
              (9 damage)
             ... on level 5 of the Dungeon.
             The game lasted 00:01:38 (4601 turns).

qw the Chopper (Gargoyle Fighter)                   Turns: 4601, Time: 00:01:38

Health: -1/49      AC: 19    Str: 23    XL:     8   Next: 39%
Magic:  8/8        EV:  6    Int:  8    God:
Gold:   198        SH:  8    Dex:  9    Spells: 7/7 levels left

rFire   . . .      SeeInvis .    Y - +1 war axe (vorpal)
rCold   . . .      Faith    .    q - +0 kite shield {rPois}
rNeg    + . .      Spirit   .    h - +0 chain mail
rPois   inf        Reflect  .    (no helmet)
rElec   +          Harm     .    l - +1 cloak
rCorr   .          Rampage  .    (no gloves)
Will    .....                    n - +1 pair of boots
Stlth   ..........               (no amulet)
HPRegen 0.28/turn                (no ring)
MPRegen 0.11/turn                (no ring)

@: about to teleport
A: sickness immunity, AC +5, negative energy resistance 1, electricity
resistance, torment resistance 1, petrification resistance
a: no special abilities


You were on level 5 of the Dungeon.
You visited 1 branch of the dungeon, and saw 5 of its levels.

You collected 198 gold pieces.


Innate Abilities, Weirdness & Mutations

You are immune to sickness and miasma.
Your stone body is resilient. (AC +5)
You are immune to poison.
You resist negative energy. (rN+)
You are resistant to electric shocks. (rElec)
You are resistant to unholy torment.
You are immune to petrification.


   Skills:
 - Level 5.0 Fighting
 - Level 7.3 Axes
 - Level 1.5 Throwing
 - Level 3.2 Armour
 - Level 1.0 Dodging
 + Level 5.3 Shields


You had 7 spell levels left.
You didn't know any spells.
Your spell library was empty.

Inventory:

Hand Weapons
 o - a +0 flail
 Y - a +1 vorpal war axe (weapon)
Missiles
 r - 3 boomerangs (quivered)
Armour
 h - a +0 chain mail (worn)
 l - a +1 cloak (worn)
 n - a +1 pair of boots (worn)
 q - a +0 kite shield of poison resistance (worn)
Potions
 d - 2 potions of might
 e - a potion of ambrosia {unknown}
 g - a potion of attraction
 i - 2 potions of heal wounds {unknown}
 j - a potion of invisibility {unknown}
 k - a potion of haste {unknown}
 m - a potion of lignification
 s - 2 potions of curing

Dungeon Overview and Level Annotations

Branches:
Dungeon (5/15)
 Temple: D:4-7

Altars:
Trog
Uskayaw

Shops:
D:1 (


Message History

An ogre comes into view. It is wielding a +0 giant club.
You see here 18 gold pieces.
Enter note:
Enter note:
Enter note:
Enter note:
Enter note:
Enter note: Throw: 3 boomerangs
Press: ? - help, Q - select action Shift-Dir - straight line, f - ogre You throw a boomerang.
The boomerang hits the ogre.
The ogre is moderately wounded.
Throw: 3 boomerangs
Press: ? - help, Q - select action Shift-Dir - straight line, f/p - ogre You throw a boomerang.
The boomerang closely misses the ogre.
You hit the ogre.
The ogre is moderately wounded.
The ogre barely misses you.
You closely miss the ogre.
The ogre is moderately wounded.
The ogre barely misses you.
You barely miss the ogre.
The ogre is moderately wounded.
The ogre hits you with a +0 giant club!!
You slash the ogre!
The ogre is almost dead.
The ogre barely misses you.
You barely miss the ogre.
The ogre is almost dead.
The ogre hits you but does no damage.
You barely miss the ogre.
The ogre is almost dead.
The ogre hits you with a +0 giant club!!
4600 ||| READING scroll of teleportation.
As you read the scroll of teleportation, it crumbles to dust.
You feel strangely unstable.
You barely miss the ogre.
The ogre is almost dead.
The ogre hits you with a +0 giant club!
You die...

#.###### #...# #
#......# #...# #
#.####.#####...#######
#
#.####...............#
#
#.##...................
#
#.##.#...............##
#
#....#.#####...#######
#####%.....# #...#
.....#...### #@..#
####.##...# #O..#
####.####+# #...#
#.....# ....# ).....#
...## ......+ ...##
####.## #.## #.# ..


You could see an ogre.

Vanquished Creatures
  Menkaure (D:4)
  3 black bears
  A phantom (D:5)
  Blork the orc (D:4)
  A gnoll sergeant (D:4)
  2 scorpions (D:4)
  2 hounds (D:5)
  A gnoll bouda (D:4)
  An iguana (D:4)
  6 orc wizards
  7 gnolls (D:4)
  3 adders
  An ufetubus (D:3)
  A worm (D:2)
  2 dart slugs
  11 orcs
  8 ball pythons
  6 bats
  5 endoplasms
  5 giant cockroaches
  3 goblins
  3 hobgoblins
  2 kobolds
  3 frilled lizards
  3 rats (D:1)
82 creatures vanquished.

Notes
Turn   | Place    | Note
-------+----------+-------------------------------------------
     0 | D:1      | qw the Gargoyle Fighter began the quest for the Orb.
     0 | D:1      | Reached XP level 1. HP: 14/14 MP: 1/1
     0 | D:1      | 0 ||| qw: Version: 0.2-a-13-gfc7b4b4
     0 | D:1      | 0 ||| qw: Game counter: 1936
     0 | D:1      | 0 ||| qw: Always use a shield: true
     0 | D:1      | 0 ||| qw: God list: Okawaru
     0 | D:1      | 0 ||| qw: Allow faded altars: false
     0 | D:1      | 0 ||| qw: Do Orc after D:15 true
     0 | D:1      | 0 ||| qw: Do second Lair branch before Depths: true
     0 | D:1      | 0 ||| qw: Lair rune preference: random
     0 | D:1      | 0 ||| qw: Plans: Normal, Zot:1-4, God:TSO, Crypt, Tomb,
                  | Pan, Slime:5, Hells, Abyss, Orb
     0 | D:1      | 0 ||| PLANNING D:1-11
    71 | D:1      | Reached skill level 2 in Axes
   111 | D:1      | Found a faded altar of an unknown god.
   128 | D:1      | 128 ||| Stepping ~*~*~tactically~*~*~ (stealth).
   130 | D:1      | 130 ||| Stepping ~*~*~tactically~*~*~ (stealth).
   138 | D:1      | 138 ||| Stepping ~*~*~tactically~*~*~ (stealth).
   146 | D:1      | Reached XP level 2. HP: 19/19 MP: 2/2
   157 | D:1      | Found Hurrye's Antique Weapon Boutique.
   184 | D:1      | 184 ||| SHOPLISTING runed hand axe (126 gold, have 33).
   410 | D:1      | 410 ||| UPGRADING to +1 cloak.
   415 | D:1      | 415 ||| READING scroll labelled NIUVUA XYPU.
   416 | D:1      | 416 ||| DRINKING 2 sapphire potions.
   734 | D:2      | Reached skill level 3 in Axes
   869 | D:2      | Reached XP level 3. HP: 23/23 MP: 3/3
  1335 | D:2      | 1335 ||| DROPPING ring of magical power.
  1336 | D:2      | 1336 ||| READING scroll labelled UMISKIUZXO.
  1341 | D:2      | 1341 ||| DRINKING 2 bubbling golden potions.
  1342 | D:2      | 1342 ||| DRINKING 2 coppery potions.
  1518 | D:3      | 1518 ||| Stepping ~*~*~tactically~*~*~ (stealth).
  1545 | D:3      | Found a hide-covered altar of Uskayaw.
  1598 | D:3      | Reached XP level 4. HP: 24/28 MP: 4/4
  1610 | D:3      | 1610 ||| DRINKING 2 potions of curing.
  1610 | D:3      | 1610 ||| (to cure confusion)
  1611 | D:3      | 1611 ||| DRINKING potion of curing.
  1611 | D:3      | 1611 ||| (to cure confusion)
  1622 | D:3      | Reached skill level 4 in Axes
  1728 | D:3      | 1728 ||| Stepping ~*~*~tactically~*~*~ (hiding).
  1745 | D:3      | 1745 ||| FLEEEEING.
  1762 | D:3      | Reached XP level 5. HP: 28/32 MP: 5/5
  1788 | D:3      | 1788 ||| DROPPING +0 mace.
  2080 | D:3      | 2080 ||| UPGRADING to +0 chain mail.
  2090 | D:3      | 2090 ||| DROPPING +0 scale mail.
  2091 | D:3      | 2091 ||| UPGRADING to +0 pair of boots.
  2096 | D:3      | 2096 ||| READING scroll labelled ATHRUM IJOKHIRPHUV.
  2197 | D:3      | 2197 ||| READING scroll labelled KEMUUC OPLUNG.
  2198 | D:3      | 2198 ||| DRINKING 2 green potions.
  2303 | D:3      | 2303 ||| DROPPING potion of berserk rage.
  2343 | D:4      | Noticed a black bear
  2343 | D:4      | Noticed a black bear
  2343 | D:4      | Found a bloodstained altar of Trog.
  2347 | D:4      | 2347 ||| STAIRDANCE
  2355 | D:3      | Killed a black bear
  2356 | D:3      | Reached skill level 5 in Axes
  2382 | D:4      | Killed a black bear
  2383 | D:4      | Reached XP level 6. HP: 29/39 MP: 6/6
  2383 | D:4      | 2383 ||| STAIRDANCE
  2512 | D:4      | Noticed Menkaure
  2513 | D:4      | 2513 ||| Stepping ~*~*~tactically~*~*~ (hiding).
  2523 | D:4      | Killed Menkaure
  2524 | D:4      | Reached skill level 6 in Axes
  2524 | D:4      | Reached XP level 7. HP: 17/44 MP: 7/7
  2789 | D:4      | Reached skill level 1 in Dodging
  2795 | D:4      | HP: 11/44 [adder (2)]
  2796 | D:4      | 2796 ||| READING scroll of teleportation.
  2937 | D:4      | Noticed Blork the orc
  2938 | D:4      | 2938 ||| Stepping ~*~*~tactically~*~*~ (hiding).
  2939 | D:4      | 2939 ||| Stepping ~*~*~tactically~*~*~ (hiding).
  2940 | D:4      | 2940 ||| Stepping ~*~*~tactically~*~*~ (hiding).
  2941 | D:4      | 2941 ||| Stepping ~*~*~tactically~*~*~ (hiding).
  2942 | D:4      | 2942 ||| Stepping ~*~*~tactically~*~*~ (hiding).
  2944 | D:4      | 2944 ||| Stepping ~*~*~tactically~*~*~ (hiding).
  2945 | D:4      | 2945 ||| Stepping ~*~*~tactically~*~*~ (hiding).
  2959 | D:4      | Killed Blork the orc
  3319 | D:4      | 3319 ||| Stepping ~*~*~tactically~*~*~ (hiding).
  3349 | D:4      | Reached skill level 7 in Axes
  3678 | D:4      | Reached skill level 1 in Throwing
  3678 | D:4      | Reached XP level 8. HP: 49/49 MP: 8/8
  4268 | D:4      | 4268 ||| UPGRADING to +0 kite shield of poison resistance.
  4278 | D:4      | 4278 ||| DROPPING +0 buckler.
  4279 | D:4      | 4279 ||| READING 2 scrolls labelled YFIOLO XOIHEI.
  4280 | D:4      | 4280 ||| READING scroll of brand weapon.
  4280 | D:4      | 4280 ||| BRANDING +0 war axe of protection.
  4281 | D:4      | 4281 ||| READING scroll labelled QAN SOLISE.
  4282 | D:4      | 4282 ||| READING scroll labelled BALOOB QECRIRE.
  4283 | D:4      | 4283 ||| READING scroll labelled IHEUFA PARIEREP.
  4284 | D:4      | 4284 ||| READING scroll labelled CUH KESINT.
  4319 | D:5      | Entered Level 5 of the Dungeon
  4340 | D:5      | 4340 ||| READING scroll of enchant armour.
  4340 | D:5      | 4340 ||| ENCHANTING +0 pair of boots.
  4491 | D:5      | 4491 ||| Stepping ~*~*~tactically~*~*~ (stealth).
  4599 | D:5      | HP: 8/49 [ogre/+0 giant club (24)]
  4600 | D:5      | 4600 ||| READING scroll of teleportation.
  4601 | D:5      | Slain by an ogre

Levels and vault maps discovered:
D:1:      nzn_arrival_crosshair, layout_rooms,
          hellmonk_ecumenical_altar_pennies_from_heaven, serial_shops,
          nicolae_shop_hallway_plus
D:2:      layout_loops_corners, corner_web_ring
D:3:      layout_loops_ring, nicolae_uskayaw_dance_hall
D:4:      layout_layer_cave, trog_ov_bears_minmay, uniq_blork_the_orc,
          uniq_menkaure
D:5:      layout_loops_cross, minmay_temple_entry_hall, kennysheep_potato

Skill      XL: |  1  2  3  4  5  6  7  8 |
---------------+-------------------------+-----
Axes           | 2 3 4 5 6 7 |  7.3
Fighting       | 4 5 |  5.0
Dodging        | 1 |  1.0
Throwing       | 1 |  1.5
Shields        | 5 |  5.3
Armour         | |  3.2

Action                   |  1- 3 |  4- 6 |  7- 9 || total
-------------------------+-------+-------+-------++-------
Melee: War axe           |    98 |    74 |   162 ||   334
Throw: Boomerang         |       |       |    13 ||    13
  Use: Potion            |     3 |     3 |       ||     6
       Scroll            |     2 |     2 |     9 ||    13
Armor: Scale mail        |    57 |    31 |       ||    88
       Chain mail        |       |    30 |   145 ||   175
Dodge: Dodged            |    51 |    36 |    46 ||   133
Block: Buckler           |    22 |    11 |    23 ||    56
       Kite shield       |       |       |    16 ||    16

Table legend:
 A = Non-vault XP
 B = Vault XP
 C = Vault XP percentage of total XP
 D = Non-vault monster count
 E = Vault monster count
 F = Vault count percentage of total count
                 A         B        C        D         E       F
            +---------+---------+-------+---------+---------+-------
      Total |    1135 |     523 |  31.5 |      78 |       4 |   4.9
            +---------+---------+-------+---------+---------+-------
        D:1 |      24 |       0 |   0.0 |      14 |       0 |   0.0
        D:2 |      28 |       0 |   0.0 |       9 |       0 |   0.0
        D:3 |     125 |     126 |  50.2 |      19 |       1 |   5.0
        D:4 |     593 |     397 |  40.1 |      29 |       3 |   9.4
        D:5 |     365 |       0 |   0.0 |       7 |       0 |   0.0
            +---------+---------+-------+---------+---------+-------
